 Dungeon Crawl Stone Soup version 0.30-b1-2-g02819fbbbe (webtiles) character file.

Game seed: 12920531419839508633

3377 raph the Arsonist (level 9, -1/50 HPs)
             Began as a Deep Elf Fire Elementalist on May 4, 2023.
             Was a Follower of Sif Muna.
             Killed from afar by a gnoll sergeant (13 damage)
             ... with an iceblast
             ... on level 7 of the Dungeon.
             The game lasted 00:14:25 (9112 turns).

raph the Arsonist (Deep Elf Fire Elementalist)      Turns: 9112, Time: 00:14:26

Health: -1/50      AC:  7    Str:  5    XL:     9   Next: 74%
Magic:  8/21       EV: 13    Int: 27    God:    Sif Muna [*.....]
Gold:   469        SH:  5    Dex: 23    Spells: 4/22 levels left

rFire   + . .        s - +5 dagger of Compulsion {freeze, Int+2 Dex+2}
rCold   . . .        A - +0 buckler
rNeg    . . .        f - +2 leather armour {rF+}
rPois   .            t - +1 helmet
rElec   .            (no cloak)
rCorr   .            (no gloves)
SInv    .            (no boots)
Will    .....        (no amulet)
Stlth   ++           i - +6 ring of dexterity
HPRegen 0.28/turn    (no ring)
MPRegen 0.17/turn

%: no passive effects
@: brilliant
A: no striking features
a: Renounce Religion, Channel Magic


You were on level 7 of the Dungeon.
You worshipped Sif Muna.
Sif Muna was aware of your devotion.
You visited 2 branches of the dungeon, and saw 8 of its levels.

You collected 469 gold pieces.

Inventory:

Hand Weapons
 a - a +1 rapier
 s - the +5 dagger of Compulsion (weapon) {freeze, Int+2 Dex+2}
   (You found it on level 4 of the Dungeon)

   Int:       It affects your intelligence (+2).
   Dex:       It affects your dexterity (+2).
 u - a +0 shortbow of freezing
Missiles
 g - 16 poisoned darts
 q - 9 atropa-tipped darts
Armour
 f - a +2 leather armour of fire resistance (worn)
 h - a +0 robe
 t - a +1 helmet (worn)
 y - the +0 leather armour of Mordant Beauty {Int+4}
   (You found it on level 5 of the Dungeon)

   Int:       It affects your intelligence (+4).
 A - a +0 buckler (worn)
 B - +0 steam dragon scales
Jewellery
 i - a +6 ring of dexterity (left hand)
Wands
 z - a wand of polymorph (2)
Scrolls
 e - 2 scrolls of magic mapping
 o - 3 scrolls of amnesia
 x - 2 scrolls of enchant armour
Potions
 b - 2 potions of magic
 c - a potion of mutation {unknown}
 d - 2 potions of brilliance
 k - 3 potions of might
 l - 2 potions of ambrosia
 m - 6 potions of curing
 n - 2 potions of lignification
 p - 3 potions of flight
 r - a potion of cancellation
 w - 2 potions of resistance {unknown}


   Skills:
 + Level 3.0 Fighting
 + Level 5.1 Dodging
 - Level 2.4 Stealth
 + Level 2.3 Shields
 + Level 7.2 Spellcasting
 + Level 6.2 Conjurations
 - Level 4.8 Hexes
 * Level 10.3 Fire Magic


You had 4 spell levels left.
You knew the following spells:

 Your Spells              Type           Power      Damage    Failure   Level
a - Foxfire               Conj/Fire      100%       2x1d9     1%          1
b - Scorch                Fire           100%       2d9       1%          2
c - Inner Flame           Hex/Fire       66%        N/A       2%          3
d - Volatile Blastmotes   Fire/Tloc      100%       2d18      6%          3
e - Flame Wave            Conj/Fire      70%        2d16      5%          4
f - Fireball              Conj/Fire      35%        3d15      16%         5

Your spell library contained the following spells:

 Spells                   Type           Power      Damage    Failure   Level
 Lesser Beckoning         Tloc           28%        N/A       26%         2
 Gell's Gravitas          Tloc           14%        N/A       45%         3
 Teleport Other           Tloc           14%        N/A       45%         3
 Starburst                Conj/Fire      35%        6d10      65%         6
 Plasma Beam              Fire/Air       27%        2x1d43    97%         6


Dungeon Overview and Level Annotations

Branches:
Dungeon (7/15)             Temple (1/1) D:4

Altars:
Ashenzari
Cheibriados
Dithmenos
Elyvilon
Fedhas
Gozag
Hepliaklqana
Kikubaaqudgha
Makhleb
Nemelex Xobeh
Okawaru
Qazlal
Ru
Sif Muna
Trog
Uskayaw
Vehumet
Wu Jian
Xom
Yredelemnul
Zin
The Shining One

Shops:
D:5 (

Portals:
Abyss: D:3

Annotations:
D:3 2 transporters, diceflayer's ghost, amateur DsHu
D:7 1 exclusion


Message History

The gnoll sergeant is engulfed in seething chaos.
Casting: Flame Wave (dangerous; 5% risk of failure)
Confirm with . or Enter, or press ? or * to list all spells.
You feel a surge of power!
A cloud of volatile blastmotes flares up around you!
The gnoll sergeant hits you from afar with a +0 spear of freezing.
The gnoll sergeant freezes you.
The cloud of blastmotes explodes!
The concussive blast engulfs the gnoll sergeant!
The gnoll sergeant is moderately wounded.
Your magical contamination has completely faded away.
The gnoll sergeant zaps a wand.
The mass of ice explodes!
The iceblast engulfs you!
Casting: Volatile Blastmotes (dangerous; 6% risk of failure)
Confirm with . or Enter, or press ? or * to list all spells.
You feel a surge of power!
You conjure some foxfire!
The gnoll sergeant zaps a wand.
The mass of ice explodes!
The iceblast engulfs you!
* * * LOW HITPOINT WARNING * * *
The iceblast engulfs your foxfire! x2
You hear a chilling moan.
As you read the scroll of fear, it crumbles to dust.
You assume a fearsome visage.
The gnoll sergeant looks frightened!
The gnoll looks frightened! x2; The orc looks frightened!
The foxfire hits the gnoll sergeant.
The gnoll sergeant is moderately wounded.
Your attack snaps the gnoll sergeant out of its fear.
The foxfire hits the gnoll sergeant but does no damage.
The gnoll sergeant is moderately wounded.
You feel much better.
The gnoll sergeant zaps a wand.
The mass of ice explodes!
The iceblast engulfs you!
* * * LOW HITPOINT WARNING * * *
Okay, then.
The gnoll sergeant zaps a wand.
The mass of ice explodes!
The iceblast engulfs you.
* * * LOW HITPOINT WARNING * * *
You hear a chilling moan.
The gnoll sergeant zaps a wand.
The mass of ice explodes!
The iceblast engulfs you!
You die...

#.#########)##.........
####♣.#####.##.#####.#.
#....#...#.##.......#.
#....###.#.###########
#..#####.#.......###..
#'###....g.g.......#..
#.######.#.......#.#..
#........#.......#....
#####@####..........##
#.# #........##.. ##.##
#..........##
##...############..g
##.#.#.## ###.
#.##.##.# ####
#.##....# #...
#.#####.######## #.#.
##.###..........>. #.


You could see a gnoll sergeant.

Vanquished Creatures
  Sigmund (D:2)
  A shadow (D:7)
  2 steam dragons (D:7)
  A water moccasin (D:5)
  2 ice beasts (D:6)
  An orc warrior (D:7)
  A black bear (D:6)
  2 sky beasts (D:7)
  An ogre (D:6)
  3 centaurs
  A phantom (D:6)
  Blork the orc (D:5)
  A kobold brigand (D:7)
  3 scorpions
  4 bullfrogs
  4 wights (D:6)
  3 howler monkeys
  6 hounds
  3 jellies
  A gnoll bouda (D:7)
  2 orc priests (D:7)
  Jessica (D:3)
  5 iguanas
  An orc wizard (D:6)
  Natasha (thrice) (D:2)
  Terence (D:2)
  2 gnolls (D:7)
  12 adders
  2 shadow imps
  A white imp (D:6)
  3 ufetubi (D:6)
  3 dart slugs
  13 orcs
  5 ball pythons
  4 endoplasms
  7 goblins
  A hobgoblin (D:2)
  10 jackals
  8 kobolds
  4 quokkas
  9 bats
  3 frilled lizards
  2 rats (D:1)
144 creatures vanquished.

Vanquished Creatures (collateral kills)
  2 foxfires (D:2)
2 creatures vanquished.

Vanquished Creatures (others)
  10 demonic plants (D:7)
  414 foxfires
424 creatures vanquished.

Grand Total: 570 creatures vanquished

Notes
Turn   | Place    | Note
-------+----------+-------------------------------------------
     0 | D:1      | raph the Deep Elf Fire Elementalist began the quest for the
                  | Orb.
     0 | D:1      | Reached XP level 1. HP: 10/10 MP: 6/6
   432 | D:1      | Reached XP level 2. HP: 15/15 MP: 4/8
   436 | D:1      | Learned a level 2 spell: Scorch
  1231 | D:2      | Noticed Natasha
  1236 | D:2      | Killed Natasha
  1237 | D:2      | Reached skill level 4 in Fire Magic
  1237 | D:2      | Reached XP level 3. HP: 19/19 MP: 1/9
  1241 | D:2      | Learned a level 3 spell: Inner Flame
  1643 | D:2      | Noticed Sigmund
  1647 | D:2      | Killed Sigmund
  1648 | D:2      | Reached skill level 5 in Fire Magic
  1648 | D:2      | Reached XP level 4. HP: 24/24 MP: 3/10
  1648 | D:2      | Reached XP level 5. HP: 28/28 MP: 3/11
  1731 | D:2      | Learned a level 3 spell: Volatile Blastmotes
  2156 | D:2      | Noticed Terence
  2165 | D:2      | Killed Terence
  2166 | D:2      | Reached XP level 6. HP: 32/32 MP: 6/12
  2601 | D:2      | Noticed Natasha
  2606 | D:2      | Killed Natasha
  2631 | D:2      | Reached skill level 6 in Fire Magic
  2844 | D:2      | Noticed Natasha
  2851 | D:2      | Killed Natasha
  3145 | D:3      | Found a one-way gate to the infinite horrors of the Abyss.
  3145 | D:3      | Noticed diceflayer's ghost (amateur DsHu)
  3147 | D:3      | Noticed a small abomination
  3194 | D:3      | Found a transporter.
  3205 | D:3      | Noticed Jessica
  3209 | D:3      | Killed Jessica
  3238 | D:3      | Found a transporter.
  3306 | D:3      | Reached skill level 5 in Conjurations
  3787 | D:4      | Found a staircase to the Ecumenical Temple.
  3796 | Temple   | Entered the Ecumenical Temple
  3873 | Temple   | Became a worshipper of Sif Muna the Loreminder
  4312 | D:4      | Identified the +5 dagger of Compulsion {freeze, Int+2
                  | Dex+2}
  4587 | D:4      | Reached skill level 1 in Hexes
  5102 | D:5      | Entered Level 5 of the Dungeon
  5139 | D:5      | Noticed a water moccasin
  5146 | D:5      | Killed a water moccasin
  5147 | D:5      | Reached skill level 7 in Fire Magic
  5147 | D:5      | Reached XP level 7. HP: 35/36 MP: 7/14
  5524 | D:5      | Found Logidiri's Jewellery Boutique.
  5636 | D:5      | Found a burning altar of Makhleb.
  5697 | D:5      | Noticed Blork the orc
  5703 | D:5      | Killed Blork the orc
  5704 | D:5      | Reached skill level 8 in Fire Magic
  5890 | D:5      | Identified the +0 leather armour of Mordant Beauty {Int+4}
  6078 | D:5      | Reached skill level 5 in Spellcasting
  6078 | D:5      | Reached XP level 8. HP: 36/41 MP: 10/17
  6174 | D:5      | Found Siruhean's Weapon Shoppe.
  6797 | D:6      | Reached skill level 1 in Fighting
  6842 | D:6      | Reached * piety under Sif Muna
  6843 | D:6      | Reached skill level 9 in Fire Magic
  6849 | D:6      | Learned a level 4 spell: Flame Wave
  7433 | D:6      | Reached XP level 9. HP: 48/48 MP: 9/20
  7439 | D:6      | Learned a level 5 spell: Fireball
  7600 | D:6      | Reached skill level 1 in Shields
  8504 | D:7      | Reached skill level 10 in Fire Magic
  8946 | D:7      | Reached skill level 5 in Dodging
  9048 | D:7      | Noticed a boulder beetle
  9048 | D:7      | Noticed a manticore
  9048 | D:7      | Noticed a troll
  9112 | D:7      | Killed from afar by a gnoll sergeant

Illustrated notes

Levels and vault maps discovered:
D:1:      minmay_arrival_split_and_join, layout_basic, minmay_tetromino_s2
D:2:      layout_loops_corners, serial_glass, glass_columns_a, glass_columns_a,
          glass_columns_c, glass_columns_c, uniq_sigmund, uniq_terence,
          uniq_natasha
D:3:      layout_rooms, gammafunk_ghost_abyssal_escape, uniq_jessica
D:4:      layout_basic, lemuel_temple_firewalk_a, hangedman_decor_slide_cut,
          minmay_misc_feat_iff
D:5:      layout_loops_corners, lemuel_crystal_altar, serial_shops,
          nicolae_lakefront_shop, kennysheep_small_square, uniq_blork_the_orc
D:6:      minmay_bubble_buster, layout_basic
D:7:      minmay_the_grid_four_pointed_star
          [minmay_the_grid_triangle_9x9_thin_v,
          minmay_the_grid_triangle_9x9_steps,
          minmay_the_grid_triangle_9x9_subtriangle,
          minmay_the_grid_triangle_9x9_semitri,
          minmay_the_grid_prize_shrinking_boxes], layout_loops_cross,
          serial_demonic, serial_demonic_g, serial_demonic_d, serial_demonic_b,
          serial_demonic_f, serial_demonic_b, kennysheep_nondescript
Temple:   compressed_dpeg_circular_temple

Skill      XL: |  1  2  3  4  5  6  7  8  9 |
---------------+----------------------------+-----
Conjurations   | 2 4 5 6 |  6.2
Fire Magic     | 4 5 7 8 9 10 | 10.3
Hexes          | 2 3 4 |  4.8
Spellcasting   | 5 6 7 |  7.2
Dodging        | 3 5 |  5.1
Fighting       | 1 3 |  3.0
Shields        | 2 |  2.3
Stealth        | |  2.4

Action                     |  1- 3 |  4- 6 |  7- 9 || total
---------------------------+-------+-------+-------++-------
  Melee: Dagger            |       |       |    12 ||    12
   Cast: Foxfire           |    34 |    89 |   119 ||   242
         Scorch            |    17 |    26 |    73 ||   116
         Volatile Blastmot |       |       |     8 ||     8
         Fireball          |       |       |     1 ||     1
         Flame Wave        |       |       |     1 ||     1
    Use: Scroll            |     5 |     9 |     5 ||    19
         Potion            |       |       |     3 ||     3
 Armour: Leather armour    |     4 |     4 |    16 ||    24
  Dodge: Dodged            |     7 |     6 |    26 ||    39
  Block: Buckler           |       |       |     5 ||     5
